 Dungeon Crawl Stone Soup version 0.23-a0-480-g1869896 (webtiles) character file.

133 theanonym the Cudgeler (level 4, -3/35 HPs)
             Began as a Mummy Warper on Nov 28, 2018.
             Killed by divine providence
             ... invoked by an orc priest
              (12 damage)
             ... on level 3 of the Dungeon.
             The game lasted 00:04:24 (2834 turns).

theanonym the Cudgeler (Mummy Warper)               Turns: 2834, Time: 00:04:25

Health: -3/35      AC:  8    Str: 15    XL:     4   Next: 93%
Magic:  8/8        EV:  6    Int: 12    God:
Gold:   122        SH:  0    Dex: 11    Spells: 8/8 levels left

rFire    x . .     SeeInvis .   l - +0 flail
rCold    + . .     Gourm    .   (no shield)
rNeg     + + +     Faith    .   c - +0 chain mail
rPois    ∞         Spirit   .   (no helmet)
rElec    .         Reflect  .   (no cloak)
rCorr    .         Harm     .   (no gloves)
MR       .....                  (no boots)
Stlth    ..........             (no amulet)
HPRegen  0.11/turn              (no ring)
MPRegen  0.11/turn              (no ring)

@: no status effects
A: no food or potions, fire vulnerability, cold resistance 1, negative energy
resistance 3, torment resistance, unbreathing
a: no special abilities


Innate Abilities, Weirdness & Mutations

You do not eat or drink.
Your flesh is vulnerable to fire.
You are immune to poison.
Your flesh is cold resistant. (rC+)
You are immune to negative energy. (rN+++)
You are immune to unholy pain and torment.
You can survive without breathing.


   Skills:
 + Level 3.3 Fighting
 * Level 3.6 Maces & Flails
 - Level 0.7 Throwing
 - Level 0.7 Armour
 - Level 1.5 Dodging
 - Level 2.6 Spellcasting
   Level 2.4 Translocations


You had 8 spell levels left.
You didn't know any spells.
Your spell library contained the following spells:

 Spells                   Type           Power        Failure   Level  Hunger
 Blink                    Tloc           N/A          98%         2    N/A
 Shroud of Golubria       Chrm/Tloc      #.........   99%         2    N/A
 Gell's Gravitas          Tloc           #.........   100%        3    N/A
 Lesser Beckoning         Tloc           #.........   100%        3    N/A
 Teleport Other           Tloc           #.......     100%        3    N/A
 Passage of Golubria      Tloc           N/A          100%        4    N/A

Skill      XL: |  1  2  3  4 |
---------------+-------------+-----
Maces & Flails | 2 3 |  3.6
Fighting       | 3 |  3.3
Throwing       | |  0.7
Armour         | |  0.7
Dodging        | |  1.5
Spellcasting   | |  2.6
Translocations | |  2.4

Action                   |  1- 3 |  4- 6 || total
-------------------------+-------+-------++-------
Melee: Mace              |   153 |    50 ||   203
       Flail             |       |    23 ||    23
Throw: Tomahawk          |       |     5 ||     5
  Use: Scroll            |     4 |     1 ||     5
Armor: Ring mail         |    91 |     3 ||    94
       Leather armour    |     3 |       ||     3
       Chain mail        |       |    57 ||    57
Dodge: Dodged            |   164 |    44 ||   208

Inventory:

Hand Weapons
 a - a +0 mace
 l - a +0 flail (weapon)
   (You took it off a hobgoblin on level 3 of the Dungeon)
 p - a +1 mace of crushing
   (You found it on level 2 of the Dungeon)
 q - a +0 mace
   (You found it on level 2 of the Dungeon)
Missiles
 j - 3 tomahawks (quivered)
 m - 2 tomahawks of returning
Armour
 b - a +0 leather armour
 c - a +0 chain mail (worn)
   (You took it off an orc on level 2 of the Dungeon)
 d - a +0 ring mail
   (You found it on level 1 of the Dungeon)
Jewellery
 f - an uncursed ring of ice
   (You found it on level 3 of the Dungeon)
Scrolls
 h - 2 scrolls of enchant weapon {unknown}
 i - a scroll of amnesia {unknown}
 k - a scroll of fog {unknown}
 n - 2 scrolls of remove curse
 o - a scroll of immolation {unknown}
 t - 2 scrolls of teleportation {!r}
 y - 2 scrolls of magic mapping
 B - a scroll of blinking


You were on level 3 of the Dungeon.
You were not hungry.

You visited 1 branch of the dungeon, and saw 3 of its levels.

You collected 122 gold pieces.

Dungeon Overview and Level Annotations

Branches:
Dungeon (3/15)

Altars:

Annotations:
D:2 1 runed door, exclusion: door

.....?........r
...g...........
...............
.... # #.. .#
#)####..#
#.#....# #o..#
#@.##
#.####.#####
#.....†....#
#...##.###.# .
...# #.# # ##
#.### ## #..%#
.. ###.# # #.#
#


You could see an orc priest.

Notes
Turn   | Place    | Note
-------+----------+-------------------------------------------
     0 | D:1      | theanonym the Mummy Warper began the quest for the Orb.
     0 | D:1      | Reached XP level 1. HP: 16/16 MP: 4/4
    52 | D:1      | HP: 4/16 [kobold/+0 whip (7)]
   290 | D:1      | Reached skill level 2 in Maces & Flails
   293 | D:1      | HP: 7/16 [goblin (3)]
   298 | D:1      | HP: 5/16 [bat (1)]
   301 | D:1      | Reached XP level 2. HP: 6/22 MP: 5/5
   568 | D:1      | HP: 11/23 [hobgoblin (2)]
   894 | D:1      | Reached XP level 3. HP: 21/28 MP: 7/7
  1378 | D:2      | Reached skill level 3 in Maces & Flails
  1379 | D:2      | HP: 14/28 [kobold/+0 short sword (3)]
  1385 | D:2      | HP: 9/28 [rat (3)]
  1392 | D:2      | HP: 5/28 [orc/cursed +0 hand axe (4)]
  1955 | D:2      | Found a runed door.
  2019 | D:3      | HP: 10/28 [orc priest/divine providence (9)]
  2028 | D:2      | HP: 10/28 [leopard gecko (1)]
  2029 | D:2      | Reached XP level 4. HP: 12/34 MP: 8/8
  2034 | D:2      | HP: 8/34 [orc/+0 mace (5)]
  2039 | D:2      | HP: 6/34 [orc/+0 mace (3)]
  2329 | D:3      | Found a faded altar of an unknown god.
  2344 | D:3      | Reached skill level 3 in Fighting
  2350 | D:3      | HP: 16/35 [orc/+0 falchion (3)]
  2818 | D:3      | HP: 14/35 [orc priest/divine providence (9)]
  2824 | D:3      | HP: 11/35 [orc priest (1)]
  2831 | D:3      | HP: 9/35 [orc priest (3)]
  2834 | D:3      | Killed from afar by an orc priest

Vanquished Creatures
  An orc priest (D:3)
  3 adders
  An ooze (D:1)
  2 dart slugs
  2 leopard geckos (D:2)
  7 orcs
  A ball python (D:1)
  2 giant cockroaches (D:1)
  3 goblins
  8 hobgoblins
  3 jackals (D:2)
  A quokka (D:2)
  9 bats
  9 kobolds
  9 rats
61 creatures vanquished.

Table legend:
 A = Turns spent in this place as a percentage of turns spent in the entire game.
 B = Non-inter-level travel turns spent in this place as a percentage of non-inter-level travel turns spent in the entire game.
 C = Inter-level travel turns spent in this place as a percentage of turns spent in this place.
 D = Turns resting spent in this place as a percentage of non-inter-level travel turns spent in this place.
 E = Turns spent auto-exploring this place as a percentage of non-inter-level travel turns spent in this place.
 F = Non-inter-level travel turns spent in this place divided by the number of levels of this place that you've seen.
                   A       B       C       D       E      F
               +-------+-------+-------+-------+-------+----------------------
         Total | 100.0 | 100.0 |   3.1 |  52.7 |  30.4 | 915.7
       Dungeon | 100.0 | 100.0 |   3.1 |  52.7 |  30.4 | 915.7
               +-------+-------+-------+-------+-------+----------------------
